 Dungeon Crawl Stone Soup version 0.29.1-13-g9f3cf754e1 (webtiles) character file.

Game seed: 17110695282608221247

120 DemonSlayer the Digger (level 4, -5/31 HPs)
             Began as a Demonspawn Earth Elementalist on Jan 22, 2023.
             Killed by divine providence
             ... invoked by an orc priest
              (10 damage)
             ... on level 5 of the Dungeon.
             The game lasted 00:04:49 (4136 turns).

DemonSlayer the Digger (DsEE)                       Turns: 4136, Time: 00:04:51

Health: -5/31      AC:  3    Str: 10    XL:     4   Next: 75%
Magic:  3/8        EV: 12    Int: 17    God:
Gold:   358        SH:  0    Dex: 13    Spells: 1/9 levels left

rFire   . . .      SeeInvis .   f - +0 dagger
rCold   . . .      Faith    .   (no shield)
rNeg    . . .      Spirit   .   a - +0 robe
rPois   +          Reflect  .   (no helmet)
rElec   .          Harm     .   (no cloak)
rCorr   .          Rampage  .   c - +0 pair of gloves
Will    .....                   (no boots)
Stlth   ++........              (no amulet)
HPRegen 0.10/turn               k - ring of poison resistance
MPRegen 0.11/turn               (no ring)

@: no status effects
A: claws 2, foul stench 1
a: no special abilities


You were on level 5 of the Dungeon.
You visited 1 branch of the dungeon, and saw 5 of its levels.

You collected 358 gold pieces.

Inventory:

Hand Weapons
 f - a +0 dagger (weapon)
Armour
 a - a +0 robe (worn)
 c - a +0 pair of gloves (worn)
Jewellery
 k - a ring of poison resistance (left hand)
 t - an amulet of regeneration
Scrolls
 i - 2 scrolls of amnesia {unknown}
 j - 3 scrolls of poison
 n - 3 scrolls of identify {unknown}
 p - a scroll of fog {unknown}
 s - a scroll of silence {unknown}
 u - a scroll of teleportation {unknown}
Potions
 b - a potion of magic
 d - a potion of might {unknown}
 e - a potion of haste {unknown}
 g - 2 potions of heal wounds
 h - 3 potions of lignification {unknown}
 l - a potion of attraction {unknown}
 m - 2 potions of invisibility {unknown}
 o - 2 potions of brilliance
 q - a potion of mutation {unknown}
 r - a potion of cancellation {unknown}
 v - a potion of flight {unknown}


   Skills:
 + Level 0.6 Fighting
 + Level 0.7 Short Blades
 + Level 2.0 Dodging
 + Level 2.7 Stealth
 + Level 3.0 Spellcasting
 + Level 0.8 Transmutations
 + Level 3.6 Earth Magic


You had one spell level left.
You knew the following spells:

 Your Spells              Type           Power      Damage    Failure   Level
a - Sandblast             Erth           28%        2d8       4%          1
b - Stone Arrow           Conj/Erth      16%        3d8       26%         3
c - Petrify               Tmut/Erth      10%        N/A       56%         4

Your spell library contained the following spells:

 Spells                   Type           Power      Damage    Failure   Level
 Freeze                   Ice            8%         1d3       17%         1
 Passwall                 Tmut/Erth      8%         N/A       11%         2
 Blink                    Tloc           4%         N/A       26%         2
 Call Canine Familiar     Summ           2%         N/A       45%         3
 Frozen Ramparts          Ice            4%         1d1       45%         3
 Gell's Gravitas          Tloc           2%         N/A       45%         3
 Portal Projectile        Hex/Tloc       4%         N/A       45%         3
 Teleport Other           Tloc           2%         N/A       45%         3
 Leda's Liquefaction      Hex/Erth       4%         N/A       63%         4
 Hailstorm                Conj/Ice       2%         3d3       86%         4
 Manifold Assault         Tloc           2%         N/A       99%         5
 Dispersal                Tloc           1%         N/A       100%        6
 Storm Form               Tmut/Air       2%         N/A       100%        7


Dungeon Overview and Level Annotations

Branches:
Dungeon (5/15)             Temple (0/1) D:4

Altars:
Wu Jian


Innate Abilities, Weirdness & Mutations

You have very sharp fingernails.
You may rarely emit foul miasma when damaged in melee.


Message History

The orc priest is moderately wounded.
The orc barely misses you.
The orc priest miscasts a cantrip.
The blast of sand hits the orc priest but does no damage.
The orc priest is moderately wounded.
The orc priest hits you with a +0 club.
The blast of sand hits the orc priest.
The orc priest is heavily wounded.
Something hits you. The orc misses you. The orc priest hits you with a +0 club.
The orc hits you but does no damage. The orc priest hits you with a +0 club.
You hear some strange, mumbled words.
A magic dart appears from out of thin air!
The magic dart hits you!
Save game and exit? [Y]es or [N]o only, please.
Save game and exit?
Okay, then.
Casting: Sandblast (safe; 4% risk of failure)
Confirm with . or Enter, or press ? or * to list all spells.
Aiming: Sandblast (safe; 4% risk of failure)
Press: ? - help, Shift-Dir - straight line, f/p - orc priest
Aim: an orc priest, wielding a +0 club and wearing a +0 ring mail (heavily wounded, 84% to hit)
The blast of sand misses the orc priest.
The orc priest closely misses you. The orc hits you with a +0 club.
* * * LOW HITPOINT WARNING * * *
Something hits you but does no damage.
Casting: Sandblast (safe; 4% risk of failure)
Confirm with . or Enter, or press ? or * to list all spells.
Aiming: Sandblast (safe; 4% risk of failure)
Press: ? - help, Shift-Dir - straight line, f/p - orc priest
Aim: an orc priest, wielding a +0 club and wearing a +0 ring mail (heavily wounded, 84% to hit)
The blast of sand hits the orc priest but does no damage.
The orc priest is heavily wounded.
The orc hits you with a +0 club.
* * * LOW HITPOINT WARNING * * *
Something hits you.
* * * LOW HITPOINT WARNING * * *
The orc priest calls down the wrath of Beogh upon you.
Beogh smites you!
You die...

.. .. ... .#
#..# ..
...####.
#...... .
..#.....## ...
.......{o#?....
#...[..@o......
...............
...............
...............
..........^....
...............
..............#
.......####.#.#


You could see an orc priest and an orc.

Vanquished Creatures
  3 gnolls (D:4)
  4 adders (D:2)
  9 bats
  3 endoplasms
  2 giant cockroaches
  5 goblins
  7 hobgoblins
  3 jackals (D:2)
  2 quokkas
  6 ball pythons
  2 frilled lizards
  6 kobolds
  4 rats
56 creatures vanquished.

Notes
Turn   | Place    | Note
-------+----------+-------------------------------------------
     0 | D:1      | DemonSlayer the Demonspawn Earth Elementalist began the
                  | quest for the Orb.
     0 | D:1      | Reached XP level 1. HP: 13/13 MP: 3/3
    20 | D:1      | Found a faded altar of an unknown god.
   184 | D:1      | Gained mutation: You have sharp fingernails. [demonic
                  | ancestry]
   184 | D:1      | Reached XP level 2. HP: 12/20 MP: 3/5
  1391 | D:2      | Gained mutation: You may rarely emit foul miasma when
                  | damaged in melee. [demonic ancestry]
  1391 | D:2      | Reached XP level 3. HP: 25/25 MP: 1/6
  1859 | D:2      | Gained mutation: You have very sharp fingernails. [demonic
                  | ancestry]
  1859 | D:2      | Reached XP level 4. HP: 31/31 MP: 4/8
  2140 | D:2      | Learned a level 3 spell: Stone Arrow
  2145 | D:2      | Learned a level 4 spell: Petrify
  2188 | D:3      | Found an ornate altar of the Wu Jian Council.
  3164 | D:4      | Found a staircase to the Ecumenical Temple.
  4130 | D:5      | Entered Level 5 of the Dungeon
  4136 | D:5      | Killed from afar by an orc priest

Illustrated notes

Levels and vault maps discovered:
D:1:      enne_arrival_octagon_isle, layout_loops_cross,
          shapermc_ecumenical_altar_flowoftime, serial_bayou,
          serial_bayou_lagoon_a, serial_bayou_shore_b, serial_bayou_shore_a,
          serial_bayou_ford_a
D:2:      layout_rooms
D:3:      layout_rooms, mainiacjoe_overflow_tiny_flanked,
          kennysheep_nondescript, nicolae_figureground_pulse
D:4:      layout_basic, minmay_temple_entry_from_below_a, minivault_1,
          chequers_big_river, corner_web_ring, bh_walls_and_bars
D:5:      layout_cave_pools, kennysheep_little_box, kennysheep_generic_room_7

Skill      XL: |  1  2  3  4 |
---------------+-------------+-----
Earth Magic    | 3 |  3.6
Stealth        | 2 |  2.7
Dodging        | 2 |  2.0
Spellcasting   | 3 |  3.0
Fighting       | |  0.6
Short Blades   | |  0.7
Transmutations | |  0.8

Action                   |  1- 3 |  4- 6 || total
-------------------------+-------+-------++-------
Melee: Dagger            |    15 |     4 ||    19
 Cast: Sandblast         |    50 |    35 ||    85
  Use: Potion            |       |     3 ||     3
       Scroll            |       |     1 ||     1
 Stab: Sleeping          |     2 |       ||     2
Armor: Robe              |    14 |     4 ||    18
Dodge: Dodged            |    36 |    16 ||    52
